 Dungeon Crawl Stone Soup version 0.21.0 (webtiles) character file.

84 inmateoo the Charmwright (level 4, -1/23 HPs)
             Began as a Vine Stalker Skald on Jan 6, 2018.
             Succumbed to Sigmund's poison
             ... on level 3 of the Dungeon.
             The game lasted 00:02:23 (2203 turns).

inmateoo the Charmwright (Vine Stalker Skald)       Turns: 2203, Time: 00:02:23

Health: -1/23      AC:  4    Str: 14    XL:     4   Next: 46%
Magic:  0/8        EV: 12    Int: 13    God:
Gold:   182        SH:  3    Dex: 14    Spells: 0/7 levels left

rFire    . . .     SeeInvis .   a - +0 falchion
rCold    . . .     Gourm    .   (no shield)
rNeg     . . .     Faith    .   b - +1 leather armour
rPois    .         Spirit   +   (no helmet)
rElec    .         Reflect  +   (no cloak)
rCorr    .         Harm     .   (no gloves)
MR       .....                  (no boots)
Stlth    +.........             l - +3 amulet of reflection
HPRegen  0.47/turn              (no ring)
MPRegen  0.11/turn              (no ring)

@: lethally poisoned (-1 -> -19)
A: fangs 2, regeneration 1, magic shield, antimagic bite, no potion heal 3, rot
immunity
a: no special abilities


You were on level 3 of the Dungeon.
You were not hungry.

You visited 1 branch of the dungeon, and saw 3 of its levels.

You collected 182 gold pieces.

Inventory:

Hand Weapons
 a - a +0 falchion (weapon)
Armour
 b - a +1 leather armour (worn)
Jewellery
 l - a +3 amulet of reflection (around neck)
Scrolls
 h - a scroll of teleportation {unknown}
 i - 3 scrolls of identify {unknown}
 n - a scroll of fog {unknown}
Potions
 e - a potion of flight {unknown}
 f - a potion of brilliance {unknown}
 g - a potion of heal wounds {unknown}
 k - a potion of magic {unknown}
 m - a potion of resistance {unknown}
Books
 c - a book of Battle

   Spells                             Type                      Level
   a - Infusion                       Charms                       1
   b - Shroud of Golubria             Charms/Translocation         2
   c - Song of Slaying                Charms                       2
   d - Spectral Weapon                Hexes/Charms                 3
   e - Regeneration                   Charms/Necromancy            3
Comestibles
 d - 4 rations


   Skills:
 + Level 2.4 Fighting
 * Level 2.9 Long Blades
 + Level 1.5 Armour
 + Level 2.1 Dodging
 - Level 2.1 Spellcasting
 + Level 3.0 Charms


You couldn't memorise any spells.
You knew the following spells:

 Your Spells              Type           Power        Failure   Level  Hunger
a - Infusion              Chrm           #...         9%          1    ##.....
b - Regeneration          Chrm/Necr      #.........   45%         3    ####...
c - Spectral Weapon       Hex/Chrm       #.......     45%         3    ####...


Dungeon Overview and Level Annotations

Branches:
Dungeon (3/15)

Altars:
Sif Muna
Uskayaw

Annotations:
D:3 Sigmund


Innate Abilities, Weirdness & Mutations

You have extremely sharp teeth.
Your natural rate of healing is unusually fast.
When hurt, damage is shared between your health and your magic reserves.
Your bite disrupts and absorbs the magic of your enemies.
Potions cannot restore your health.
You are immune to rotting.


Message History

You drain his magic.
You feel invigorated.
Sigmund is moderately wounded.
You feel sick.
You closely miss Sigmund. You bite Sigmund.
Sigmund's magic leaks into the air.
You drain his magic.
Sigmund is moderately wounded.
You feel sick.
Sigmund says, "Now you see me, now you don't..."
Sigmund hits you with a scythe of venom!
You are more poisoned.
You slash Sigmund!
Sigmund is severely wounded.
You feel sick.
Sigmund hits you with a scythe of venom!
Ouch! That really hurt!
* * * LOW HITPOINT WARNING * * *
You are more poisoned.
You hit Sigmund.
Sigmund is almost dead.
You die...

#...########.## .# .###..# #.#
......# #.# .# ####.## ##+# #.#
##.# ##.>.## #.### #.)#
##.....## #...# #..##
##.......## ##...#
###...####%........####....####
.........+.....@@..'...........
.##....###.........####...####
.##..#.# ##.)>....## ##..#
.#.#.#.# ##.....## ##.####
.##.##.# ##...## #.....#
.##.##.# ##+# #.....# .......#
#.# #(....# ###.#### #.#
#.....# ##.## ##.## #.....#


You could see Sigmund.

Vanquished Creatures
  3 adders (D:2)
  An ooze (D:2)
  2 dart slugs
  2 leopard geckos
  A ball python (D:2)
  2 giant cockroaches
  7 hobgoblins
  2 jackals (D:1)
  4 kobolds
  2 quokkas (D:2)
  4 bats
  4 frilled lizards
  4 goblins
  8 rats
46 creatures vanquished.

Notes
Turn   | Place    | Note
-------+----------+-------------------------------------------
     0 | D:1      | inmateoo the Vine Stalker Skald began the quest for the Orb.
     0 | D:1      | Reached XP level 1. HP: 11/11 MP: 4/4
   245 | D:1      | Reached skill level 1 in Armour
   245 | D:1      | Reached XP level 2. HP: 15/15 MP: 6/6
   888 | D:1      | Reached XP level 3. HP: 13/18 MP: 3/7
  1156 | D:2      | Learned a level 3 spell: Regeneration
  1523 | D:2      | Noticed a hand axe
  1524 | D:2      | Noticed a hand axe
  1536 | D:2      | Found a hide-covered altar of Uskayaw.
  1677 | D:2      | Found a deep blue altar of Sif Muna.
  1699 | D:2      | Gained mutation: Your natural rate of healing is unusually fast. [Vine Stalker growth]
  1699 | D:2      | Reached XP level 4. HP: 16/23 MP: 8/8
  1970 | D:3      | Learned a level 3 spell: Spectral Weapon
  2196 | D:3      | Noticed Sigmund
  2202 | D:3      | HP: 1/23 [Sigmund/scythe of venom (12)]
  2203 | D:3      | Succumbed to Sigmund's poison

Skill      XL: |  1  2  3 |
---------------+----------+-----
Long Blades    | 2 |  2.9
Armour         | 1 |  1.5
Fighting       | 2 |  2.4
Dodging        | 2 |  2.1
Spellcasting   | |  2.1
Charms         | |  3.0

Action                   |  1- 3 |  4- 6 || total
-------------------------+-------+-------++-------
Melee: Falchion          |    89 |    35 ||   124
       Bite              |    24 |    13 ||    37
  Use: Scroll            |     3 |       ||     3
  Eat: Chunk             |     3 |     1 ||     4
Armor: Leather armour    |    30 |     5 ||    35
Dodge: Dodged            |    60 |    18 ||    78
Block: Other             |     6 |     1 ||     7
       Rpst.: Falchion   |    18 |     8 ||    26
